 Dungeon Crawl Stone Soup version 0.30.0-29-ga12c61a403 (webtiles) character file.

Game seed: 9235106242780519507

8887 JMMCWHIRT the Basher (level 11, -2/99 HPs)
             Began as a Minotaur Chaos Knight on June 4, 2023.
             Was a Plaything of Xom.
             Succumbed to Sonja's poison
             ... on level 1 of the Lair of Beasts.
             The game lasted 00:38:55 (10179 turns).

JMMCWHIRT the Basher (Minotaur Chaos Knight)       Turns: 10179, Time: 00:38:55

Health: -2/99      AC: 22    Str: 20    XL:     11   Next: 15%
Magic:  3/8        EV:  8    Int:  7    God:    Xom [*.....]
Gold:   591        SH:  0    Dex: 17    Spells: 10/10 levels left

rFire   . . .        B - +2 flail (flame)
rCold   . . .        (no shield)
rNeg    . . .        s - +0 plate armour
rPois   .            (helmet restricted)
rElec   .            l - +0 cloak
rCorr   .            x - +1 Delatra's gloves {ID++}
SInv    .            k - +0 pair of boots
Will    .....        N - amulet of guardian spirit Stlth
                     w - +6 ring of dexterity
HPRegen 0.36/turn    (no ring)
MPRegen 0.11/turn

%: guardian spirit
@: lethally poisoned (-2 -> -39), slowed, studying Long Blades, very slow
A: horns 2, retaliatory headbutt, hooves 2, iridescent scales 1, dopey 1, low MP
1, teleportitis 1, wild magic 1, MP-powered wands
a: Renounce Religion


You were on level 1 of the Lair of Beasts.
You worshipped Xom.
You were a special plaything of Xom.
You visited 2 branches of the dungeon, and saw 9 of its levels.
You also visited: Ossuary.

You collected 591 gold pieces.

Inventory:

Hand Weapons
 B - a +2 flail of flaming (weapon)
Missiles
 Z - 14 poisoned darts
Armour
 b - a +0 pair of gloves of stealth
 k - a +0 pair of boots (worn)
 l - a +0 cloak (worn)
 s - a +0 plate armour (worn)
 x - the +1 Delatra's gloves (worn) {ID++}
   (You found it on level 3 of the Dungeon)

   ID++:      It heals its wearer when they drink unknown potions, and restores
   their MP when they read unknown scrolls.
Jewellery
 w - a +6 ring of dexterity (left hand)
 N - an amulet of guardian spirit (around neck)
Wands
 a - a wand of digging (6)
 p - a wand of iceblast (9)
 K - a wand of polymorph (6)
 M - a wand of charming (11)
 W - a wand of mindburst (9) (quivered)
Scrolls
 d - 2 scrolls of fog
 e - 2 scrolls of enchant armour {unknown}
 h - a scroll of silence {unknown}
 m - 2 scrolls of amnesia {unknown}
 n - 2 scrolls of brand weapon
 o - 2 scrolls of fear {unknown}
 v - 2 scrolls of enchant weapon {unknown}
 y - 2 scrolls of blinking {unknown}
 z - 2 scrolls of magic mapping
 A - 4 scrolls of teleportation
 D - 2 scrolls of noise
 F - a scroll of immolation {unknown}
 H - a scroll of summoning {unknown}
Potions
 f - 3 potions of berserk rage {unknown}
 i - 4 potions of degeneration {unknown}
 j - 2 potions of might {unknown}
 q - a potion of invisibility {unknown}
 r - 4 potions of lignification
 u - 3 potions of mutation
 C - a potion of brilliance {unknown}
 E - a potion of flight {unknown}
 I - a potion of heal wounds {unknown}
 J - a potion of magic {unknown}
 P - a potion of cancellation {unknown}
 V - a potion of haste {unknown}
Miscellaneous
 c - a piece from Xom's chessboard (15/15)


   Skills:
 + Level 10.0 Fighting
 + Level 14.2 Maces & Flails
 + Level 10.3 Armour
 + Level 3.6 Dodging
 + Level 3.7 Stealth
 + Level 2.1 Evocations


You had 10 spell levels left.
You didn't know any spells.
Your spell library contained the following spells:

 Spells                   Type           Power      Damage    Failure   Level
 Magic Dart               Conj           0%         1d3       100%        1
 Sting                    Tmut/Pois      0%         1d3       100%        1
 Poisonous Vapours        Pois/Air       0%         N/A       100%        2
 Searing Ray              Conj           0%         2d4       100%        2
 Fulminant Prism          Conj/Hex       0%         3d5       100%        4
 Olgreb's Toxic Radiance  Pois           0%         N/A       100%        4


Dungeon Overview and Level Annotations

Branches:
Dungeon (8/15)             Temple (0/1) D:6            Lair (1/5) D:8
Ossuary (visited)

Altars:
Fedhas
Makhleb
Qazlal
Trog
Uskayaw

Annotations:
Lair:1 Sonja


Innate Abilities, Weirdness & Mutations

You have a pair of horns on your head.
You reflexively headbutt those who attack you in melee.
You have hoof-like feet.
You are partially covered in iridescent scales. (AC +2)
You are dopey. (Int -2)
Your magical capacity is low. (-10% MP)
You are occasionally teleported next to monsters.
Your spells are a little harder to cast, but a little more powerful.
You expend magic power (3 MP) to strengthen your wands.


Message History

Sonja is lightly wounded.
You feel very sick.
Sonja hits you but does no damage. x3; The cane toad stings you!
You are more poisoned.
The cane toad poisons you!
Sonja mumbles some strange words.
Sonja blinks!
The cane toad stings you!
You feel extremely sick.
Sonja gestures wildly while chanting.
Sonja blinks!
The cane toad stings you!
You feel extremely sick.
The cane toad stings you but does no damage.
The cane toad stings you.
You are more poisoned.
The cane toad poisons you!
Sonja throws a curare-tipped dart.
The curare-tipped dart hits you.
You are lethally poisoned!
You have difficulty breathing.
* * * LOW HITPOINT WARNING * * *
You feel as though you will be slow longer.
You hit the cane toad. You burn the cane toad.
The cane toad is severely wounded.
* * * LOW HITPOINT WARNING * * *
You feel extremely sick.
The cane toad stings you but does no damage.
You sock the cane toad! You burn the cane toad.
You kill the cane toad!
* * * LOW HITPOINT WARNING * * *
You feel extremely sick. Sonja hits you but does no damage.
You are more poisoned.
Sonja barely misses you. x2
Sonja gestures wildly while chanting.
Sonja blinks!
Your Fighting skill increases to level 10!
Your Evocations skill increases to level 2!
As you read the scroll of fog, it crumbles to dust.
The scroll dissolves into smoke.
You die...
Xom bursts into laughter!

########
######......#########
.§##P.....§§§§..........
...K.....§§§§......#..##
..F.......§@§.......†.†.
........##§§§...........
..###.#####..K....##..#
#. #.#.#.####..# .
#####.###≈≈≈# #.
.####...##≈.≈## #
....##.#.#≈.≈≈### ##
........##≈.≈...# ###.
## .........###.....#


You could see Sonja.

Vanquished Creatures
  A two-headed ogre (D:8)
  An orc sorcerer (D:7)
  2 cane toads (Lair:1)
  Psyche (D:8)
  Maggie (D:7)
  A komodo dragon (Lair:1)
  A troll (D:8)
  A hornet (Lair:1)
  Prince Ribbit (D:8)
  3 yaks (D:8)
  2 wyverns (D:8)
  Grum (D:8)
  Eustachio (D:4)
  A basilisk (D:8)
  A vampire mosquito (D:6)
  A steam dragon (D:8)
  Duvessa (D:5)
  A water moccasin (D:7)
  3 ice beasts
  A black bear (D:5)
  2 orc warriors
  An ogre (D:4)
  7 wolves
  3 phantoms
  2 kobold brigands
  3 elf zombies
  2 gnoll sergeants
  3 bullfrogs
  3 scorpions
  4 wights (D:7)
  Dowan (D:5)
  9 killer bees (D:8)
  A howler monkey (D:5)
  4 hounds
  A jelly (D:5)
  Crazy Yiuf (D:2)
  2 gnoll boudas
  3 orc priests
  2 iguanas (D:6)
  2 sleepcaps
  2 human zombies (Ossuary)
  A human skeleton (D:5)
  3 orc wizards
  2 mummies (Ossuary)
  17 gnolls
  7 adders
  3 white imps
  2 adder zombies (Ossuary)
  2 worms (D:3)
  4 dart slugs
  29 orcs
  3 ball pythons
  4 endoplasms
  3 giant cockroaches
  7 goblins
  11 hobgoblins
  4 jackals
  9 kobolds
  2 quokkas (D:1)
  4 bats
  4 frilled lizards (D:1)
  2 goblin zombies (Ossuary)
  12 hobgoblin zombies (Ossuary)
  2 jackal zombies (Ossuary)
  8 kobold zombies (Ossuary)
  3 orc skeletons (D:5)
  6 orc zombies (Ossuary)
  4 rats
  A rat zombie (Ossuary)
243 creatures vanquished.

Vanquished Creatures (collateral kills)
  A spriggan (shapeshifter) (D:3)
  A wyvern (D:8)
2 creatures vanquished.

Vanquished Creatures (others)
  A bullfrog (D:8)
  4 kobolds (D:8)
5 creatures vanquished.

Grand Total: 250 creatures vanquished

Notes
Turn   | Place    | Note
-------+----------+-------------------------------------------
     0 | D:1      | JMMCWHIRT the Minotaur Chaos Knight began the quest for the
                  | Orb.
     0 | D:1      | Reached XP level 1. HP: 19/19 MP: 0/0
   109 | D:1      | Reached skill level 4 in Maces & Flails
   110 | D:1      | Reached XP level 2. HP: 7/27 MP: 1/1
   402 | D:1      | XOM: silly message
   812 | D:1      | XOM: summons 2 hostile demons
  1203 | D:1      | XOM: draining
  1256 | D:2      | Identified the +7 dagger of Glory {flame, *Slow Str+2 Int+3
                  | Stlth+}
  1334 | D:2      | Reached XP level 3. HP: 19/30 MP: 2/2
  1713 | D:2      | XOM: give mutations
  1713 | D:2      | Gained mutation: You are occasionally teleported next to
                  | monsters. [Xom's mischief]
  1713 | D:2      | Gained mutation: You are partially covered in iridescent
                  | scales. (AC +2) [Xom's mischief]
  1713 | D:2      | Gained mutation: You are dopey. (Int -2) [Xom's mischief]
  1713 | D:2      | Gained mutation: You are weak. (Str -2) [Xom's mischief]
  1836 | D:2      | Found a runed translucent door.
  1837 | D:2      | Noticed Crazy Yiuf
  1949 | D:2      | XOM is BORED!
  2001 | D:2      | XOM: noise
  2002 | D:2      | XOM: butterfly on damage
  2008 | D:2      | Killed Crazy Yiuf
  2009 | D:2      | Reached XP level 4. HP: 17/41 MP: 3/3
  2111 | D:2      | XOM: give mutations
  2111 | D:2      | Gained mutation: You have large cloven feet. [Xom's
                  | mischief]
  2111 | D:2      | Gained mutation: Your magical capacity is low. (-10% MP)
                  | [Xom's mischief]
  2399 | D:3      | a hobgoblin changed into a glowing shapeshifter
  2399 | D:3      | Noticed a glowing shapeshifter (glowing shapeshifter)
  2399 | D:3      | a glowing shapeshifter changed into a lindwurm
  2399 | D:3      | Noticed a lindwurm (glowing shapeshifter)
  2402 | D:3      | a lindwurm changed into a yaktaur
  2402 | D:3      | Noticed a yaktaur (glowing shapeshifter)
  2403 | D:3      | XOM: summons 2 friendly demons
  2403 | D:3      | a yaktaur changed into a raiju
  2403 | D:3      | Noticed a raiju (glowing shapeshifter)
  2408 | D:3      | a raiju changed into a spriggan
  2408 | D:3      | Noticed a spriggan (glowing shapeshifter)
  2409 | D:3      | Killed a spriggan
  2410 | D:3      | Reached skill level 5 in Maces & Flails
  2410 | D:3      | Reached XP level 5. HP: 18/47 MP: 3/3
  2410 | D:3      | Reached XP level 6. HP: 20/53 MP: 4/4
  2642 | D:3      | Found the +1 Delatra's gloves {ID++}
  2653 | D:3      | XOM: silly message
  2667 | D:3      | Found a burning altar of Makhleb.
  2705 | D:3      | XOM: 4-stop teleportation journey
  2708 | D:3      | Reached skill level 6 in Maces & Flails
  2920 | D:3      | XOM: give mutations
  2920 | D:3      | Lost mutation: You are weak. (Str -2) [Xom's mischief]
  2920 | D:3      | Gained mutation: You expend magic power (3 MP) to
                  | strengthen your wands. [Xom's mischief]
  2920 | D:3      | Gained mutation: Your spells are a little harder to cast,
                  | but a little more powerful. [Xom's mischief]
  2947 | D:3      | XOM: summons 4 hostile demons
  3129 | D:4      | Found a blossoming altar of Fedhas.
  3150 | D:4      | XOM: enchant monster (bad)
  3172 | D:4      | Reached skill level 5 in Fighting
  3172 | D:4      | Reached XP level 7. HP: 20/61 MP: 5/5
  3377 | D:4      | XOM: 3-stop teleportation journey
  3443 | D:4      | Reached skill level 7 in Maces & Flails
  3443 | D:4      | Reached skill level 5 in Armour
  3640 | D:4      | Noticed Eustachio
  3644 | D:4      | XOM: noise
  3645 | D:4      | XOM: confusion
  3648 | D:4      | XOM: summons 3 friendly demons
  3652 | D:4      | Killed Eustachio
  4003 | D:5      | Entered Level 5 of the Dungeon
  4193 | D:5      | Noticed Dowan
  4194 | D:5      | Noticed Duvessa
  4199 | D:5      | Killed Dowan
  4211 | D:5      | Killed Duvessa
  4212 | D:5      | Reached skill level 8 in Maces & Flails
  4231 | D:5      | Reached XP level 8. HP: 34/70 MP: 6/6
  4379 | D:5      | Reached skill level 1 in Stealth
  4380 | D:5      | XOM: potion effect (heal wounds)
  4396 | D:5      | Reached skill level 9 in Maces & Flails
  4519 | D:5      | Found a sand-covered staircase.
  4533 | D:5      | XOM: potion effect (berserk rage)
  4580 | Ossuary  | Entered an ossuary
  4830 | Ossuary  | XOM: silly message
  4857 | Ossuary  | XOM: silly message
  5028 | D:5      | XOM: silly message
  5049 | D:5      | XOM: cloud trail
  5162 | D:5      | XOM: cast spell 'Summon Small Mammal'
  5278 | D:5      | Reached skill level 10 in Maces & Flails
  5662 | D:6      | XOM: noise
  5848 | D:6      | XOM: scenery: 1 doors open, 1 doors close
  5918 | D:6      | XOM: scenery: 1 doors open, 2 doors close
  5970 | D:6      | Found a staircase to the Ecumenical Temple.
  6125 | D:6      | Reached XP level 9. HP: 78/78 MP: 7/7
  6487 | D:6      | XOM: cloud trail
  6509 | D:6      | Reached skill level 11 in Maces & Flails
  6641 | D:6      | XOM: fake destruction
  6649 | D:6      | XOM: polymorph orc -> hobgoblin
  6656 | D:6      | XOM: god gift: 34 gold pieces
  7005 | D:7      | Found a bloodstained altar of Trog.
  7073 | D:7      | XOM: god gift: club {god gift}
  7080 | D:7      | Found a stormy altar of Qazlal.
  7257 | D:7      | XOM: give mutation
  7257 | D:7      | Gained mutation: You have hoof-like feet. [Xom's grace]
  7371 | D:7      | Reached skill level 12 in Maces & Flails
  7509 | D:7      | Found a hide-covered altar of Uskayaw.
  7533 | D:7      | XOM: scenery: 1 doors close
  8087 | D:7      | Noticed an orc sorcerer
  8088 | D:7      | XOM: potion effect (invisibility)
  8090 | D:7      | Noticed Maggie
  8093 | D:7      | Killed an orc sorcerer
  8095 | D:7      | XOM: cleaving
  8100 | D:7      | XOM: confuse monster(s)
  8108 | D:7      | Killed Maggie
  8114 | D:7      | Reached XP level 10. HP: 85/88 MP: 6/8
  8246 | D:8      | XOM: noise
  8254 | D:8      | Noticed a two-headed ogre
  8276 | D:8      | Killed a two-headed ogre
  8277 | D:8      | Reached skill level 13 in Maces & Flails
  8277 | D:8      | Reached skill level 1 in Evocations
  8284 | D:8      | Noticed Prince Ribbit
  8284 | D:8      | HP: 4/90 [poisoned by a kobold brigand (curare-tipped
                  | dart)]
  8296 | D:8      | XOM: divination: magic mapping
  8306 | D:8      | Killed Prince Ribbit
  8332 | D:8      | Found a staircase to the Lair.
  8332 | D:8      | Noticed Grum
  8332 | D:8      | XOM: 8-stop teleportation journey
  8409 | D:8      | Noticed Psyche
  8716 | D:8      | Killed Psyche
  8824 | D:8      | Killed Grum
  9030 | D:8      | XOM: snakes to sticks
  9039 | D:8      | XOM: summons friendly ufetubus
  9041 | D:8      | XOM: polymorph yak -> troll
  9048 | D:8      | XOM: confuse monster(s)
  9053 | D:8      | XOM: cast spell 'Call Canine Familiar'
  9054 | D:8      | Reached skill level 14 in Maces & Flails
  9298 | D:8      | XOM: divination: detect items
  9381 | D:8      | XOM: silly message
  9685 | Lair:1   | Entered Level 1 of the Lair of Beasts
  9756 | Lair:1   | XOM: summons 1 hostile demon
  9822 | Lair:1   | Noticed a cane toad
  9824 | Lair:1   | XOM: swap monsters
  9825 | Lair:1   | a cane toad changed into a hornet
  9894 | Lair:1   | Reached skill level 10 in Armour
  9894 | Lair:1   | Reached XP level 11. HP: 81/99 MP: 5/8
 10061 | Lair:1   | XOM: cast spell 'Chain of Chaos'
 10159 | Lair:1   | Noticed Sonja
 10179 | Lair:1   | Reached skill level 10 in Fighting
 10179 | Lair:1   | Succumbed to Sonja's poison

Illustrated notes

Levels and vault maps discovered:
D:1:      spicycebolla_arrival_ecumenical, layout_rooms, serial_forest,
          infiniplex_forest_straight_3, infiniplex_forest_end_2,
          infiniplex_forest_straight_4, infiniplex_forest_diagonal,
          infiniplex_forest_straight_2
D:2:      layout_loops_cross, chequers_serial_rivers_large_a,
          serial_park_tiny_1, uniq_crazy_yiuf_cottage
D:3:      layout_loops_ring, mainiacjoe_overflow_paths, nicolae_titane
D:4:      layout_rooms, fedhas_altar_3, uniq_eustachio
D:5:      layout_loops_ring, nicolae_ossuary_entry_catacombs,
          roderic_roman_lattice, hangedman_decor_lopped, uniq_duvessa
D:6:      minmay_chambers_of_fours, layout_gridville,
          minmay_temple_entry_proselytizer
D:7:      cheibrodos_wizards_tower, layout_basic, nicolae_uskayaw_dance_studio,
          mainiacjoe_overflow_24_doors, mainiacjoe_overflow_surrounded_room,
          uniq_maggie
D:8:      layout_layer_cave, minmay_lair_entry_grove, nrook_mini_vaults,
          uniq_psyche, uniq_grum, uniq_prince_ribbit1
Lair:1:   kb_forest_paths, layout_gridlike, chequers_serial_rivers_micro_d,
          patterned_corridor, uniq_sonja

Skill      XL: |  1  2  3  4  5  6  7  8  9 10 11 |
---------------+----------------------------------+-----
Maces & Flails | 4 5 6 8 10 12 14 | 14.2
Fighting       | 4 5 6 8 9 10 | 10.0
Dodging        | 2 3 |  3.6
Armour         | 3 4 5 7 8 10 | 10.3
Stealth        | 1 3 |  3.7
Evocations     | 1 2 |  2.1

Action                     |  1- 3 |  4- 6 |  7- 9 | 10-12 || total
---------------------------+-------+-------+-------+-------++-------
  Melee: Mace              |    85 |    54 |       |       ||   139
         Headbutt          |     9 |    18 |    65 |    26 ||   118
         Punch             |       |     1 |     4 |     1 ||     6
         Flail             |       |    28 |   347 |   144 ||   519
  Evoke: Piece from Xom's  |       |       |     1 |       ||     1
         Wand              |       |       |     1 |    23 ||    24
    Use: Scroll            |       |       |     8 |     3 ||    11
         Potion            |       |       |       |     8 ||     8
   Stab: Sleeping          |       |     1 |       |       ||     1
         Invisible         |       |       |     4 |     1 ||     5
         Confused          |       |       |       |     1 ||     1
 Armour: Leather armour    |    38 |       |       |       ||    38
         Plate armour      |     4 |    83 |   280 |   141 ||   508
         Skin              |       |       |       |     4 ||     4
  Dodge: Dodged            |    68 |    32 |   129 |    78 ||   307
